 Dungeon Crawl Stone Soup version 0.21-a0-72-gbbb65ab (webtiles) character file.

51291 pedritolo the Cleaver (level 14, -4/103 HPs)
             Began as a Mummy Chaos Knight on June 20, 2017.
             Killed from afar by xgamer67's ghost (27 damage)
             ... with a bolt of lightning
             ... on level 5 of the Lair of Beasts.
             The game lasted 00:55:36 (26843 turns).

pedritolo the Cleaver (Mummy Chaos Knight)         Turns: 26843, Time: 00:55:37

Health: -4/103     AC: 31    Str: 17    XL:     14   Next: 22%
Magic:  20/20      EV:  8    Int: 14    God:    Xom [*.....]
Gold:   1037       SH:  0    Dex: 12    Spells: 19/21 levels left

rFire    x . .     SeeInvis .   E - +1 battleaxe (flame)
rCold    + . .     Gourm    .   (shield currently unavailable)
rNeg     + + +     Faith    .   s - +15 plate armour of the Little Devil {rPois rCorr Dex-2}
rPois    ∞         Spirit   .   Q - +1 hat {MR+}
rElec    .         Reflect  .   (no cloak)
rCorr    +         Harm     .   F - +0 pair of gloves
MR       +++..                  (no boots)
Stlth    ..........             J - amulet of magic regeneration
HPRegen  0.27/turn              f - ring of protection from magic
MPRegen  0.42/turn              I - +2 ring of intelligence

@: about to teleport
A: no food or potions, fire vulnerability, cold resistance 1, negative energy
resistance 3, torment resistance, unbreathing, in touch with death 1
a: Renounce Religion


You were on level 5 of the Lair of Beasts.
You worshipped Xom.
You were a special plaything of Xom.
You were not hungry.

You visited 2 branches of the dungeon, and saw 17 of its levels.
You visited the Abyss 1 time.
You also visited: Sewer and Ice Cave.

You collected 1301 gold pieces.
You spent 264 gold pieces at shops.

Inventory:

Hand Weapons
 a - a +2 broad axe of electrocution
 m - a +0 blowgun
 E - a +1 battleaxe of flaming (weapon)
 P - a +1 battleaxe of freezing
Missiles
 c - 5 curare-tipped needles
 g - 142 bolts
 k - 5 tomahawks (quivered)
 l - 12 poisoned needles
 n - 40 sling bullets
 p - 155 arrows
 z - 2 throwing nets
 G - 5 needles of confusion
 M - 2 javelins
Armour
 s - the +15 plate armour of the Little Devil (worn) {rPois rCorr Dex-2}
   (Xom gifted it to you in a sewer)

   It affects your dexterity (-2).
   It protects you from poison.
   It protects you from acid and corrosion.
 F - a +0 pair of gloves (worn)
 Q - a +1 hat of magic resistance (worn)
Jewellery
 f - a ring of protection from magic (left hand)
 I - a +2 ring of intelligence (right hand)
 J - an amulet of magic regeneration (around neck)
Wands
 b - a wand of confusion (13/48)
 i - a wand of polymorph (15/24)
 o - a wand of paralysis (9/24)
 y - a wand of iceblast (1/15)
 L - a wand of iceblast (6/15)
 N - a wand of flame (21/48)
 O - a wand of paralysis (4/24)
Scrolls
 d - 5 scrolls of teleportation
 e - 4 scrolls of magic mapping
 h - 3 scrolls of immolation
 j - 6 scrolls of recharging
 q - a scroll of random uselessness {unknown}
 r - 2 scrolls of blinking
 t - 2 scrolls of amnesia
 u - a scroll of fog
 v - a scroll of identify
 w - a scroll of enchant weapon
 x - 7 scrolls of remove curse
 B - a scroll of enchant armour
 C - a scroll of fear
 D - a scroll of brand weapon
Miscellaneous
 A - a lamp of fire (inert)


   Skills:
 - Level 7.1 Fighting
 - Level 14.2 Axes
 - Level 8.2 Armour
 - Level 7.5 Dodging
 + Level 4.4 Spellcasting
 * Level 4.7 Translocations
 - Level 7.9 Evocations


You had 19 spell levels left.
You knew the following spells:

 Your Spells              Type           Power        Failure   Level  Hunger
B - Blink                 Tloc           N/A          77%         2    N/A

Dungeon Overview and Level Annotations

Branches:
Dungeon (11/15)            Temple (0/1) D:6            Lair (6/6) D:10
  Swamp (0/4) Lair:2        Snake (0/4) Lair:4        Slime (0/5) Lair:6
    Orc (0/2) D:10

Altars:
Sif Muna
Xom

Shops:
D:5 =   D:7 *(   D:11 %

Annotations:
D:10 exclusions: downstairs, hell hound and 2 more exclusions
D:11 1 runed door
Lair:3 exclusion: door
Lair:5 xgamer67's ghost, journeyman DrAE


Innate Abilities, Weirdness & Mutations

You do not eat or drink.
Your flesh is vulnerable to fire.
You are immune to poison.
Your flesh is cold resistant. (rC+)
You are immune to negative energy. (rN+++)
You are immune to unholy pain and torment.
You can survive without breathing.
You are in touch with the powers of death.


Message History

You can't go up here!
The stone staircase leading up slides away as you move beside it!
There is a stone staircase leading up here.
You climb upwards.
Level annotation: xgamer67's ghost, journeyman DrAE The stone staircase leading down slides away from you right after you climb it!
Xgamer67's ghost turns its malevolent gaze towards you.
Unknown command.
Enter note: oh this guy Unknown command.
Unknown command.
Unknown command.
As you read the scroll of teleportation, it crumbles to dust.
You feel strangely unstable.
Xgamer67's ghost gestures at you while chanting.
The bolt of lightning hits you!
* * * LOW HITPOINT WARNING * * *
The bolt of lightning hits you!
You die...
Xom chortles!

####.#....#..##.....
#...................
##................<..
#............#....>..
##.>.................
#...................
#............#......
#...................
##..@W...............
#...>.....)...#..P#P.
##P.#.####.##########
####.# ### ###


You could see xgamer67's ghost.

Vanquished Creatures
  A frost giant (IceCv)
  A dire elephant (shapeshifter) (Lair:6)
  Fannar (Lair:2)
  2 hydras
  A catoblepas (Lair:6)
  2 death yaks (Lair:6)
  A queen ant (Lair:2)
  A moth of wrath (Lair:3)
  A manticore (Lair:6)
  A salamander (IceCv)
  2 ice statues (IceCv)
  12 elephants
  9 black mambas
  12 spiny frogs
  2 rime drakes (Lair:4)
  5 komodo dragons
  A freezing wraith (D:10)
  14 polar bears
  Prince Ribbit (Lair:2)
  4 hornets
  10 blink frogs
  4 dream sheep (Lair:6)
  8 hippogriffs
  A spriggan (D:7)
  48 yaks
  A wyvern (Lair:6)
  A hog (Lair:2)
  A water elemental (D:10)
  2 basilisks
  A steam dragon (Lair:4)
  A hungry ghost (D:7)
  A naga (Lair:4)
  4 soldier ants (Lair:3)
  An acid dragon (Lair:4)
  A hell hound (D:10)
  18 water moccasins
  2 orc warriors (D:7)
  A hornet zombie (D:11)
  15 porcupines
  2 swamp drakes
  2 phantoms
  3 sky beasts
  4 ogres
  3 ice beasts
  2 black bears
  19 wolves
  2 centaurs
  4 necrophages
  20 crocodiles
  16 bullfrogs
  A wyvern skeleton (D:10)
  3 scorpions
  12 killer bees
  5 wights (D:10)
  A jelly (D:7)
  4 howler monkeys
  6 crimson imps
  6 hounds
  3 bullfrog skeletons
  A bullfrog zombie (D:9)
  8 orc priests
  A centaur skeleton (D:9)
  Natasha (D:2)
  4 iguanas
  31 worker ants
  16 orc wizards
  A hound zombie (D:9)
  A hound skeleton (D:10)
  Robin (D:2)
  A howler monkey skeleton (D:4)
  16 adders
  5 river rats (Sewer)
  4 shadow imps
  3 oozes
  An adder skeleton (D:8)
  3 worms
  A dart slug (D:1)
  5 leopard geckos
  42 orcs
  5 ball pythons
  7 giant cockroaches
  12 goblins
  11 hobgoblins
  12 jackals
  3 quokkas
  8 bats
  14 frilled lizards
  A jackal skeleton (D:7)
  10 kobolds
  3 quokka skeletons
  18 rats
  2 fungi
  10 plants
575 creatures vanquished.

Vanquished Creatures (collateral kills)
  Rupert (Lair:6)
  A wraith (D:10)
  2 yaks
  A naga (shapeshifter) (D:4)
  A wolf (Lair:1)
  A crocodile (Lair:4)
  A ball python (D:4)
8 creatures vanquished.

Vanquished Creatures (others)
  An eldritch tentacle (D:10)
  4 fungi (Lair:6)
  43 plants
  2 starspawn tentacles (Abyss:4)
50 creatures vanquished.

Grand Total: 633 creatures vanquished

Notes
Turn   | Place    | Note
-------+----------+-------------------------------------------
     0 | D:1      | pedritolo the Mummy Chaos Knight began the quest for the Orb.
     0 | D:1      | Reached XP level 1. HP: 18/18 MP: 1/1
    90 | D:1      | Reached XP level 2. HP: 18/24 MP: 2/2
   202 | D:1      | XOM: silly message
   308 | D:1      | Reached skill level 1 in Dodging
   458 | D:1      | XOM: noise
   620 | D:2      | Reached XP level 3. HP: 29/29 MP: 3/3
   861 | D:2      | Reached skill level 3 in Axes
   945 | D:2      | XOM: cloud trail
  1030 | D:2      | XOM: silly message
  1033 | D:2      | Noticed Robin
  1063 | D:2      | Killed Robin
  1063 | D:2      | Reached XP level 4. HP: 34/35 MP: 4/4
  1419 | D:2      | XOM: harmless Pois miscast
  1465 | D:2      | Noticed Natasha
  1472 | D:2      | Killed Natasha
  1729 | D:2      | XOM: scenery: create altars
  1808 | D:2      | XOM: enchant monster (bad)
  1902 | D:3      | Reached XP level 5. HP: 31/42 MP: 5/5
  2271 | D:3      | Found a deep blue altar of Sif Muna.
  2544 | D:3      | Reached skill level 4 in Axes
  2734 | D:3      | Reached XP level 6. HP: 43/48 MP: 6/6
  2858 | D:4      | Noticed Eustachio
  2858 | D:4      | Eustachio changed into Eustachio the crocodile
  2858 | D:4      | XOM: polymorph Eustachio -> Eustachio the crocodile
  2859 | D:4      | wtf
  2868 | D:4      | XOM: summons 1 friendly demon
  2869 | D:4      | Noticed Eustachio
  2869 | D:4      | Eustachio the tengu changed into Eustachio the fire bat
  2946 | D:4      | XOM: severe Ice miscast
  2952 | D:3      | XOM: blink monster(s)
  3241 | D:4      | XOM: fog
  3278 | D:4      | Noticed Eustachio
  3288 | D:4      | Noticed Eustachio
  3288 | D:4      | Eustachio the fire bat changed into Eustachio the naga
  3290 | D:4      | XOM: summons friendly iron imp
  3293 | D:4      | Killed Eustachio the naga
  3306 | D:4      | Found a glowing drain.
  3316 | Sewer    | Entered a sewer
  3535 | Sewer    | XOM: cast spell 'Shadow Creatures'
  3590 | Sewer    | XOM: god gift: crude plate armour {god gift}
  3668 | Sewer    | Got a crude plate armour {god gift}
  3679 | Sewer    | Identified the +15 plate armour of the Little Devil {rPois rCorr Dex-2} (Xom gifted it to you in a sewer)
  3702 | Sewer    | Reached XP level 7. HP: 55/55 MP: 7/7
  3783 | Sewer    | XOM: 2-stop teleportation journey
  3954 | Sewer    | XOM: 1-stop teleportation journey
  3990 | D:4      | XOM: scenery: create altars
  4424 | D:4      | XOM: god gift: 55 gold pieces
  4452 | D:4      | Reached skill level 5 in Axes
  4607 | D:5      | Entered Level 5 of the Dungeon
  4704 | D:5      | Found Veasinomul's Jewellery Shoppe.
  4739 | D:5      | Reached skill level 5 in Fighting
  4742 | D:5      | XOM: cleaving
  4746 | D:5      | XOM: summons 4 friendly demons
  5036 | D:5      | XOM: cleaving
  5283 | D:5      | Reached XP level 8. HP: 58/63 MP: 8/8
  5406 | D:5      | XOM: cloud trail
  5424 | D:5      | XOM: scenery: create altars
  5459 | D:5      | XOM: noise
  5519 | D:6      | Found a staircase to the Ecumenical Temple.
  5840 | D:6      | XOM: summons 4 hostile demons
  5844 | D:6      | XOM: summons 3 hostile demons
  5920 | D:6      | XOM: 8-stop teleportation journey
  6350 | D:6      | XOM: enchant monster (bad)
  6373 | D:6      | Reached skill level 6 in Axes
  6618 | D:7      | XOM: harmless Chrm miscast
  6851 | D:7      | XOM: divination: magic mapping
  6876 | D:7      | XOM: confusion
  6913 | D:7      | Found Weujesch's Weapon Shop.
  6936 | D:7      | Bought a +2 broad axe of electrocution for 264 gold pieces
  6988 | D:7      | Found Xutim's General Store.
  7014 | D:7      | XOM: summons 5 friendly demons
  7318 | D:7      | Reached skill level 7 in Axes
  7318 | D:7      | Reached XP level 9. HP: 64/71 MP: 9/9
  7339 | D:7      | XOM: summons friendly quasit
  7342 | D:7      | Reached skill level 5 in Armour
  7365 | D:7      | XOM: polymorph quasit -> iron imp
  7817 | D:7      | XOM: scenery: 2 doors open
  7951 | D:7      | XOM: enchant monster (bad)
  8103 | D:7      | XOM: summons 2 hostile shadow creatures
  8104 | D:7      | XOM: mild Erth miscast
  8206 | D:6      | XOM: medium Pois miscast
  8213 | D:6      | XOM: mild Tmut miscast
  8324 | D:6      | XOM: mild Necr miscast
  8489 | D:6      | XOM: destruction
  8651 | D:7      | XOM: divination: magic mapping
  8718 | D:7      | Reached skill level 8 in Axes
  8876 | D:7      | Found Xutim's General Store.
  9205 | D:7      | Found Weujesch's Weapon Shop.
  9326 | D:8      | XOM: noise
  9393 | D:8      | XOM: divination: magic mapping
 10125 | D:8      | XOM: cloud trail
 10258 | D:9      | Noticed a two-headed ogre
 10337 | D:9      | Reached XP level 10. HP: 78/79 MP: 10/10
 10342 | D:9      | XOM: noise
 10354 | D:9      | Reached skill level 9 in Axes
 10366 | D:9      | XOM: mild Chrm miscast
 10375 | D:9      | XOM: mild Summ miscast
 10747 | D:9      | XOM: potion effect (curing)
 10764 | D:9      | XOM: divination: magic mapping
 10889 | D:10     | Entered Level 10 of the Dungeon
 11020 | D:10     | XOM: harmless Tloc miscast
 11082 | D:10     | Found a staircase to the Orcish Mines.
 11123 | D:10     | XOM: noise
 11146 | D:10     | XOM: harmless Tmut miscast
 11161 | D:10     | Reached skill level 1 in Evocations
 11233 | D:10     | XOM: summons 5 hostile demons
 11360 | D:10     | Found a staircase to the Lair.
 11495 | D:10     | Reached skill level 10 in Axes
 11667 | D:10     | XOM: severe Summ miscast
 11847 | D:10     | XOM: severe Hex miscast
 11952 | D:11     | Found a runed door.
 11952 | D:11     | Found Gywev's Food Boutique.
 11958 | D:11     | XOM: noise
 12169 | D:11     | Noticed an orc knight
 12215 | D:10     | Noticed a death knight
 12395 | D:10     | XOM: cast spell 'Discord'
 12424 | Lair:1   | Entered Level 1 of the Lair of Beasts
 12424 | Lair:1   | Noticed a spiny frog
 12429 | Lair:1   | Killed a spiny frog
 12437 | Lair:1   | Reached XP level 11. HP: 77/84 MP: 11/13
 12472 | Lair:1   | XOM: summons friendly iron imp
 12476 | Lair:1   | XOM: divination: detect creatures
 12640 | Lair:1   | XOM: cleaving
 12653 | Lair:1   | XOM: cast spell 'Monstrous Menagerie'
 13018 | Lair:1   | XOM: scenery: create altars
 13080 | Lair:1   | XOM: fake destruction
 13108 | Lair:1   | Reached skill level 11 in Axes
 13415 | Lair:1   | XOM: destruction
 13493 | Lair:1   | XOM: silly message
 14102 | Lair:2   | XOM: noise
 14255 | Lair:1   | XOM: harmless Air miscast
 14385 | Lair:2   | Found a staircase to the Swamp.
 14436 | Lair:2   | XOM: cloud trail
 14483 | Lair:2   | XOM: divination: magic mapping
 14751 | Lair:2   | XOM: divination: detect items
 14964 | Lair:2   | XOM: summons friendly crimson imp
 15149 | Lair:2   | XOM: summons 4 hostile demons
 15156 | Lair:2   | XOM: harmless Chrm miscast
 15225 | Lair:2   | XOM: harmless Air miscast
 15339 | Lair:2   | XOM: swap monsters
 15466 | Lair:3   | Reached skill level 5 in Evocations
 15469 | Lair:3   | XOM: enchant monster (bad)
 15475 | Lair:3   | XOM: 1-stop teleportation journey
 15479 | Lair:3   | Reached XP level 12. HP: 62/91 MP: 15/15
 15695 | Lair:3   | Noticed a queen ant
 15745 | Lair:3   | Noticed Prince Ribbit
 15785 | Lair:2   | XOM: god gift: pair of spiked boots {god gift}
 15787 | Lair:2   | Reached skill level 12 in Axes
 15889 | Lair:2   | XOM: god gift: 5 needles of confusion
 16001 | Lair:2   | XOM: confuse monster(s)
 16005 | Lair:2   | Killed a queen ant
 16126 | Lair:3   | XOM: polymorph soldier ant -> hog
 16156 | Lair:2   | Killed Prince Ribbit
 16315 | Lair:3   | Noticed an eight-headed hydra
 16334 | Lair:3   | XOM: divine lightning
 16334 | Lair:3   | Killed an eight-headed hydra
 16363 | Lair:3   | Noticed Fannar
 16366 | Lair:3   | XOM: scenery: create altars
 16384 | Lair:2   | Killed Fannar
 16384 | Lair:2   | Reached skill level 5 in Dodging
 16563 | Lair:3   | XOM: god gift: ring mail {god gift}
 16565 | Lair:3   | XOM: enchant monster (good)
 16694 | Lair:3   | XOM: harmless Conj miscast
 16697 | Lair:3   | XOM: scenery: 1 doors open
 16970 | Lair:3   | XOM: scenery: 3 doors open
 17163 | Lair:3   | XOM: fog
 17182 | Lair:3   | XOM: polymorph lindwurm -> moth of wrath
 17357 | Lair:3   | XOM: scenery: 2 doors close
 17597 | Lair:3   | Noticed a four-headed hydra
 17763 | Lair:3   | XOM: scenery: create altars
 17971 | Lair:4   | XOM: god gift: gnarled runed staff {god gift}
 18072 | Lair:4   | XOM: cleaving
 18202 | Lair:4   | Found a staircase to the Snake Pit.
 18214 | Lair:4   | XOM: confuse monster(s)
 18220 | Lair:4   | Reached skill level 13 in Axes
 18236 | Lair:4   | XOM: smoke on damage
 18333 | Lair:4   | Gained mutation: You are in touch with the powers of death. [Mummy growth]
 18333 | Lair:4   | Reached XP level 13. HP: 71/96 MP: 18/18
 18431 | Lair:4   | XOM: 1-stop teleportation journey
 18557 | Lair:4   | XOM: enchant monster (good)
 18561 | Lair:4   | XOM: fog
 18675 | Lair:4   | XOM: summons 9 friendly demons
 18705 | Lair:4   | XOM: god gift: 330 gold pieces
 19106 | Lair:5   | Found a frozen archway.
 19116 | IceCv    | Entered an ice cave
 19117 | IceCv    | XOM: cleaving
 19125 | IceCv    | XOM: enchant monster (good)
 19237 | IceCv    | XOM: mild Chrm miscast
 19741 | IceCv    | XOM: medium Necr miscast
 20374 | IceCv    | XOM: divination: magic mapping
 20383 | IceCv    | XOM: swap monsters
 20387 | IceCv    | XOM: medium Conj miscast
 20391 | IceCv    | XOM: summons 3 hostile demons
 20478 | IceCv    | XOM: severe Tloc miscast
 21023 | IceCv    | XOM: polymorph polar bear -> salamander
 21031 | IceCv    | XOM: blink monster(s)
 21237 | IceCv    | XOM: mild Erth miscast
 21520 | IceCv    | Noticed a frost giant
 21524 | IceCv    | XOM: severe Tloc miscast
 21524 | IceCv    | Cast into level 2 of the Abyss (the severe capriciousness of Xom)
 21574 | Abyss:3  | Found a corrupted altar of Lugonu.
 21613 | Abyss:4  | Noticed an ettin
 21614 | Abyss:4  | Noticed an ettin
 21617 | Abyss:4  | Found a corrupted altar of Lugonu.
 21617 | Abyss:4  | Noticed an ettin
 21633 | Abyss:4  | Noticed a tentacled starspawn
 21642 | IceCv    | Escaped the Abyss
 21662 | IceCv    | XOM: chaos cloud
 21663 | IceCv    | XOM: enchant monster (bad)
 21670 | IceCv    | XOM: summons 1 hostile demon
 21720 | IceCv    | XOM: medium Tloc miscast
 22311 | IceCv    | XOM: summons 3 hostile shadow creatures
 22517 | IceCv    | XOM: noise
 22521 | IceCv    | XOM: noise
 22642 | IceCv    | XOM: mild Conj miscast
 22692 | IceCv    | XOM: summons 6 hostile demons
 22928 | IceCv    | XOM: 1-stop teleportation journey
 23087 | IceCv    | XOM: destruction
 23109 | IceCv    | XOM: summons 9 friendly demons
 23111 | IceCv    | XOM: summons friendly iron imp
 23544 | IceCv    | XOM: summons 7 friendly demons
 23582 | IceCv    | XOM: scenery: create altars
 23589 | IceCv    | Killed a frost giant
 23815 | Lair:5   | XOM: 10-stop teleportation journey
 23816 | Lair:5   | XOM: stat loss: -1 Dex (11/12)
 23824 | Lair:5   | XOM: confuse monster(s)
 23866 | Lair:5   | XOM: harmless Ice miscast
 23923 | Lair:5   | Noticed xgamer67's ghost (journeyman DrAE)
 23923 | Lair:5   | XOM: butterfly on damage
 24387 | Lair:6   | Entered Level 6 of the Lair of Beasts
 24387 | Lair:6   | Noticed Rupert
 24397 | Lair:6   | XOM: mild Fire miscast
 24398 | Lair:6   | Found a staircase to the Slime Pits.
 24552 | Lair:6   | Reached skill level 14 in Axes
 24780 | Lair:6   | XOM: cast spell 'Cause Fear'
 24835 | Lair:6   | XOM: silly message
 24850 | Lair:6   | XOM: divination: magic mapping
 24872 | Lair:6   | XOM: harmless Ice miscast
 25020 | Lair:6   | Learned a level 2 spell: Blink
 25068 | Lair:6   | Reached skill level 1 in Spellcasting
 25073 | Lair:6   | Reached skill level 1 in Translocations
 25307 | Lair:6   | Killed Rupert
 25434 | Lair:6   | Noticed a dire elephant
 25434 | Lair:6   | a catoblepas changed into a dire elephant
 25434 | Lair:6   | XOM: polymorph catoblepas -> dire elephant
 25448 | Lair:6   | Killed a dire elephant
 25448 | Lair:6   | Reached XP level 14. HP: 62/103 MP: 19/19
 25461 | Lair:6   | XOM: summons 7 hostile demons
 25805 | Lair:6   | XOM: 3-stop teleportation journey
 25884 | Lair:6   | XOM: harmless Necr miscast
 26040 | Lair:6   | XOM: harmless Pois miscast
 26364 | Lair:6   | XOM: summons 3 hostile demons
 26565 | Lair:6   | XOM: noise
 26588 | Lair:6   | XOM: destruction
 26597 | Lair:6   | XOM: confuse monster(s)
 26599 | Lair:6   | XOM: polymorph yak -> black mamba
 26605 | Lair:6   | XOM: confuse monster(s)
 26731 | Lair:6   | XOM: blink monster(s)
 26741 | Lair:6   | XOM: cleaving
 26750 | Lair:6   | XOM: summons 4 hostile shadow creatures
 26766 | Lair:6   | XOM: repel stairs
 26767 | Lair:6   | XOM: confusion
 26773 | Lair:6   | XOM: destruction
 26778 | Lair:6   | XOM: cleaving
 26806 | Lair:6   | XOM: noise
 26841 | Lair:5   | oh this guy
 26843 | Lair:5   | Killed from afar by xgamer67's ghost

Vault maps used:
D:1:      dpeg_arrival_ternary
D:2:      kennysheep_generic_room_6, uniq_robin, uniq_natasha
D:3:      lemuel_crystal_altar
D:4:      cheibrodos_sewer_entry_sluice, uniq_eustachio
D:5:      serial_shops, shop, first_bread
D:6:      minmay_temple_entry_butterflies
D:7:      serial_shops, shop, shop, the_bakery
D:8:      minivault_26
D:10:     minmay_lair_entry_lava, orc_0_dummy
D:11:     erik_cavepeople, serial_shops, nicolae_shop_statue_plus,
          jmf_multi_god_temple2, uniq_sonja, uniq_harold
Lair:1:   grunt_megastairs_3
Lair:2:   minmay_swamp_entry_reptiles, grunt_forest_small_clearings,
          beast_lair_carwin_11
Lair:3:   cheibrodos_lair_overgrown_chateau, zaba_antful_of_joy,
          uniq_prince_ribbit2, uniq_fannar
Lair:4:   guppyfry_snake_entry_island, guppyfry_lair_drakes, grunt_megastairs_2
Lair:5:   portal_ice_cave_entry_pillars_1
Lair:6:   evilmike_catoblepas_cave, slime_dummy, infiniplex_staircase_pool_2,
          lemuel_fruit_fields, uniq_rupert
Abyss:3:  hangedman_abyss_feature_spike, nicolae_abyss_rune_left_handed
Abyss:4:  evilmike_abyss_rune_ettins, guppyfry_abyss_exit_glass_guarded
Sewer:    sewer_co_cracked_pipes
IceCv:    ice_cave_small_giant

Skill      XL: |  1  2  3  4  5  6  7  8  9 10 11 12 13 14 |
---------------+-------------------------------------------+-----
Dodging        | 1 2 4 6 7 |  7.5
Armour         | 2 3 4 6 7 8 |  8.2
Axes           | 3 4 5 7 8 10 11 13 14 | 14.2
Fighting       | 4 5 6 7 |  7.1
Evocations     | 2 5 6 7 |  7.9
Spellcasting   | 2 4 |  4.4
Translocations | 2 4 |  4.7

Action                   |  1- 3 |  4- 6 |  7- 9 | 10-12 | 13-15 || total
-------------------------+-------+-------+-------+-------+-------++-------
Melee: Hand axe          |    91 |   164 |    20 |       |       ||   275
       War axe           |       |   112 |   422 |       |       ||   534
       Broad axe         |       |       |   217 |   853 |   552 ||  1622
       Battleaxe         |       |       |       |       |    84 ||    84
Evoke: Wand              |       |       |    10 |       |    11 ||    21
       Lamp of fire      |       |       |       |     2 |     1 ||     3
  Use: Scroll            |       |       |    15 |     2 |     7 ||    24
 Stab: Petrified         |    10 |       |       |       |     4 ||    14
       Paralysed         |     5 |       |       |     2 |     4 ||    11
       Petrifying        |     1 |       |       |       |       ||     1
       Confused          |       |       |     1 |     4 |     7 ||    12
Armor: Leather armour    |    40 |   110 |       |       |       ||   150
       Plate armour      |       |     3 |   849 |   842 |   613 ||  2307
Dodge: Dodged            |    36 |   153 |   254 |   333 |   271 ||  1047
Block: Shield            |       |       |    55 |       |       ||    55
